 Dungeon Crawl Stone Soup version 0.28.0 (webtiles) character file.

Game seed: 3769318037317808294

389 crabbyslav the Skirmisher (level 6, -2/100 HPs)
             Began as an Ogre Cinder Acolyte on Feb 10, 2022.
             Was an Elder of Ignis.
             Slain by a killer bee (7 damage)
             ... on level 8 of the Dungeon.
             The game lasted 00:03:45 (3485 turns).

crabbyslav the Skirmisher (Ogre Cinder Acolyte)     Turns: 3485, Time: 00:03:46

Health: -2/100     AC: 27    Str: 19    XL:     6   Next: 79%
Magic:  10/10      EV:  1    Int: 17    God:    Ignis [****..]
Gold:   117        SH:  0    Dex:  4    Spells: 9/11 levels left

rFire   + . .      SeeInvis .   a - +0 mace (flame)
rCold   . . .      Faith    .   (no shield)
rNeg    . . .      Spirit   .   (armour currently unavailable)
rPois   +          Reflect  .   (helmet currently unavailable)
rElec   .          Harm     .   (cloak currently unavailable)
rCorr   .          Rampage  .   (gloves unavailable)
Will    .....      NoTele   +   (boots unavailable)
Stlth   +.........              (no amulet)
HPRegen 0.26/turn               j - +4 ring of protection
MPRegen 0.12/turn               d - ring of flight

@: lethally poisoned (-2 -> -6), tree-form
A: stationary, stasis, torment immunity, boosted hp, large, unfitting armour,
(tough skin 1)
a: Renounce Religion, Fiery Armour, Foxfire Swarm, Rising Flame


You were on level 8 of the Dungeon.
You worshipped Ignis.
Ignis was greatly pleased with you.
You were a tree.
You visited 1 branch of the dungeon, and saw 6 of its levels.

You collected 117 gold pieces.

Inventory:

Hand Weapons
 a - a +0 mace of flaming (weapon)
 r - a +3 short sword
Armour
 b - a +0 robe (melded)
 c - a +0 cloak (melded)
Jewellery
 d - a ring of flight (right branch)
 j - a +4 ring of protection (left branch)
 k - the ring "Megeh" {MP+9 Int+5 Dex+6 SInv}
   (You found it on level 7 of the Dungeon)

   [ring of dexterity]

   Int:       It affects your intelligence (+5).
   Dex:       It affects your dexterity (+6).
   MP:        It affects your magic capacity (+9).
   SInv:      It lets you see invisible.
Wands
 o - a wand of paralysis (3)
 q - a wand of flame (15)
Scrolls
 e - 4 scrolls of identify
 f - a scroll of enchant armour
 g - a scroll of enchant weapon
 m - a scroll of fog {unknown}
Potions
 i - a potion of resistance {unknown}
 l - 3 potions of heal wounds {unknown}
 n - 2 potions of flight {unknown}
 p - a potion of degeneration {unknown}


   Skills:
 + Level 6.0 Fighting
 * Level 5.2 Maces & Flails
 - Level 3.0 Spellcasting
 - Level 3.0 Fire Magic


You had 9 spell levels left.
You knew the following spells:

 Your Spells              Type           Power      Damage    Failure   Level
a - Scorch                Fire           24%        2d6       8%          2

Your spell library contained the following spells:

 Spells                   Type           Power      Damage    Failure   Level


Dungeon Overview and Level Annotations

Branches:
Dungeon (8/15)
 Temple: D:4-7         Lair: D:8-11

Altars:
Cheibriados
Fedhas
Makhleb

Annotations:
D:8 1 exclusion


Innate Abilities, Weirdness & Mutations

You are a tree.
Your roots penetrate the ground, keeping you stationary.
You cannot be teleported.
You are immune to unholy pain and torment.
Your maximum health is greatly increased.
Your equipment is partially melded.
You are too large for most types of armour.
((You have tough skin. (AC +1)))


Message History

The killer bee stings you but does no damage.
The killer bee closely misses you.
Activating: Foxfire Swarm
Press: ? - help, Dir - look around, f - activate Flames leap up around you!
You feel very sick.
The foxfire hits the killer bee but does no damage.
The killer bee stings you.
* * * LOW HITPOINT WARNING * * *
The killer bee barely misses you. The killer bee stings you.
* * * LOW HITPOINT WARNING * * *
The killer bee completely misses you.
Your foxfire dissipates!
* * * LOW HITPOINT WARNING * * *
You feel sick.
The foxfire hits the killer bee.
The killer bee is lightly wounded.
The foxfire hits the killer bee.
The killer bee is moderately wounded.
The foxfire hits the killer bee.
The killer bee is heavily wounded.
The foxfire hits the killer bee but does no damage.
The killer bee is heavily wounded.
The foxfire hits the killer bee.
The killer bee is heavily wounded.
The foxfire hits the killer bee.
The killer bee is lightly wounded.
The foxfire hits the killer bee but does no damage.
The killer bee is heavily wounded.
It was a potion of lignification.
You turn into a tree.
Your +0 cloak melds into your body.
Your +0 robe melds into your body.
Your roots penetrate the ground.
* * * LOW HITPOINT WARNING * * *
You feel sick.
The killer bee stings you but does no damage. x6
Activating: Foxfire Swarm
Press: ? - help, Dir - look around, f - activate Flames leap up around you!
You feel sick.
The killer bee stings you but does no damage.
The killer bee stings you!
You die...

.#####(# ## #.# .## #.#
..# ####.####### ...###
#..........# .....
#.##>...#..#####...###
..#.##.#..#..#vvvvv.....
......y#......vyyvv.....
..#[##.#..#..#vy♣vv.....
#...?(<....#####v..###
####.......# .....
#.#..#### .###
###?.<.>.(# #
.....#.#..# ..#..#.#...
#....... ... .....## ##.


You could see 3 killer bees.

Vanquished Creatures
  A black bear (D:7)
  A centaur (D:8)
  A kobold brigand (D:8)
  A killer bee (D:8)
  4 adders
  A worm (D:2)
  2 dart slugs
  6 orcs
  4 endoplasms
  A giant cockroach (D:3)
  5 goblins
  7 hobgoblins
  5 jackals
  2 quokkas (D:2)
  6 ball pythons
  2 bats (D:1)
  2 frilled lizards
  7 kobolds
  4 rats
62 creatures vanquished.

Vanquished Creatures (others)
  2 demonic plants (D:2)
  21 foxfires
  A fungus (D:2)
  A plant (D:2)
  A withered plant (D:2)
26 creatures vanquished.

Grand Total: 88 creatures vanquished

Notes
Turn   | Place    | Note
-------+----------+-------------------------------------------
     0 | D:1      | crabbyslav the Ogre Cinder Acolyte began the quest for the
                  | Orb.
     0 | D:1      | Reached XP level 1. HP: 24/24 MP: 2/2
   344 | D:1      | Reached XP level 2. HP: 31/32 MP: 4/4
   899 | D:2      | Reached XP level 3. HP: 21/40 MP: 5/5
   906 | D:2      | Learned a level 2 spell: Scorch
  1243 | D:2      | Found a faded altar of an unknown god.
  1606 | D:2      | Reached XP level 4. HP: 42/49 MP: 0/7
  1944 | D:3      | Found a burning altar of Makhleb.
  2571 | D:3      | Identified the +0 leather armour of the Chupacabra {-Tele
                  | rElec Regen+ Str+4}
  2626 | D:4      | Found a snail-covered altar of Cheibriados.
  2627 | D:4      | You are sucked into a shaft and drop 3 floors!
  2631 | D:7      | Noticed a water moccasin
  2631 | D:7      | Noticed an ice beast
  2638 | D:7      | Found a blossoming altar of Fedhas.
  2646 | D:7      | Identified the ring "Megeh" {MP+9 Int+5 Dex+6 SInv}
  2672 | D:7      | Noticed a black bear
  2691 | D:7      | Killed a black bear
  2692 | D:7      | Reached skill level 5 in Fighting
  2692 | D:7      | Reached XP level 5. HP: 21/57 MP: 7/9
  2859 | D:8      | Noticed a centaur
  2866 | D:8      | Killed a centaur
  2867 | D:8      | Reached XP level 6. HP: 47/66 MP: 10/10
  3102 | D:8      | Reached skill level 5 in Maces & Flails
  3200 | D:8      | Reached skill level 6 in Fighting
  3485 | D:8      | HP: 5/100 [poisoned by a killer bee]
  3485 | D:8      | Slain by a killer bee

Illustrated notes

Levels and vault maps discovered:
D:1:      saegor_arrival_simple_e, layout_loops_ring
D:2:      layout_rooms, shapermc_ecumenical_altar_gd
D:3:      layout_loops_cross, old_standard_altar
D:4:      minmay_chambers_of_twos, layout_basic, mainiacjoe_overflow_alcove_1,
          minmay_temple_entry_antechambers, uniq_eustachio
D:7:      layout_cave_pools, okawaru_ov_weapons_minmay,
          mainiacjoe_overflow_catwalk, tso_metal_star,
          nicolae_shop_sticking_my_neck_out
D:8:      layout_loops_cross, mainiacjoe_overflow_six_doors_small,
          jmf_multi_god_temple2, kennysheep_generic_room_15

Skill      XL: |  1  2  3  4  5  6 |
---------------+-------------------+-----
Fire Magic     | 3 |  3.0
Maces & Flails | 3 4 5 |  5.2
Spellcasting   | 2 3 |  3.0
Fighting       | 5 6 |  6.0

Action                   |  1- 3 |  4- 6 || total
-------------------------+-------+-------++-------
Melee: Mace              |    88 |    80 ||   168
 Cast: Scorch            |     7 |     7 ||    14
Invok: Foxfire Swarm     |       |     3 ||     3
Evoke: Wand              |       |     6 ||     6
  Use: Scroll            |       |     3 ||     3
       Potion            |       |     1 ||     1
 Stab: Paralysed         |       |    11 ||    11
Armor: Robe              |    42 |    52 ||    94
       Skin              |       |     7 ||     7
Dodge: Dodged            |    66 |    57 ||   123
